AoeStats
← lequochuypy96

Arena

511037347Analyzed
4v4 RM · 8h ago on Oct 3, 2026· 66m 9s· 8 players
Game mode
Random Map
Map size
Large (8 player)
Population
200
Speed
Normal
Resources
Standard
Victory
Conquest
Starting age
Dark Age
Ending age
Imperial Age
RankedLock teamsTeams togetherTeam positionsShared explorationLock speedFull tech treeHidden civsTurbo modeCheats
Victory
Defeat
🇹🇷 Hindustanis · Türkiye
1147
+13
🇦🇷 Hindustanis · Argentina
1126
+14
🇻🇳 Koreans · Vietnam
1114
+15
🇻🇳 Teutons · Vietnam
1091
+16
🇹🇼 Gurjaras · Taiwan
1158
-17
🇹🇼 Romans · Taiwan
1087
-15
🇩🇪 Italians · Germany
1060
-13
🇹🇼 Turks · Taiwan
1044
-13
ZFRSZN
10:51 Feudal Age
12:54 Loom
15:40 Castle Age
14:28 Double-Bit Axe
14:30 Horse Collar
15:20 Gold Mining
21:18 Wheelbarrow
21:20 Padded Archer Armor
21:00 Elite Skirmisher
22:32 Fletching
23:44 Pikeman
24:57 Ballistics
29:18 Town Watch
31:45 Bodkin Arrow
32:44 Squires
34:24 Thumb Ring
36:24 Fortified Wall
36:34 Bow Saw
36:34 Heavy Plow
36:53 Stone Mining
39:36 Hand Cart
42:46 Imperial Age
49:56 Scale Mail Armor
57:11 Chemistry
62:04 Arson
62:56 Bracer
65:20 Gold Shaft Mining
65:21 Stone Shaft Mining
lequochuypy96
10:48 Feudal Age
12:04 Double-Bit Axe
12:14 Gold Mining
14:52 Castle Age
12:59 Horse Collar
14:27 Wheelbarrow
15:55 Bow Saw
15:48 Heavy Plow
17:50 Pikeman
20:31 Scale Mail Armor
20:51 Squires
21:16 Man-at-Arms
21:41 Gambesons
22:33 Long Swordsman
23:48 Chain Mail Armor
24:40 Hand Cart
25:08 Forging
26:46 Iron Casting
31:14 Imperial Age
28:32 Loom
29:37 Fletching
30:41 Stone Mining
31:17 Arson
31:29 Bodkin Arrow
31:48 Fortified Wall
32:58 Chemistry
32:10 Masonry
32:21 Ballistics
33:24 Two-Man Saw
31:59 Two-Handed Swordsman
33:11 Plate Mail Armor
33:42 Blast Furnace
32:51 Champion
34:07 Crop Rotation
39:02 Padded Archer Armor
39:49 Siege Engineers
40:04 Bombard Tower
40:21 Conscription
40:21 Crenellations
40:37 Hoardings
49:57 Arrowslits
50:41 Leather Archer Armor
53:04 Halberdier
54:17 Ring Archer Armor
54:42 Sappers
63:03 Capped Ram
Guemes
11:07 Feudal Age
12:17 Double-Bit Axe
15:00 Castle Age
12:52 Double-Bit Axe
13:22 Horse Collar
15:18 Wheelbarrow
16:24 Bow Saw
16:21 Gold Mining
20:41 Stone Mining
22:33 Scale Barding Armor
22:40 Loom
23:17 Hand Cart
24:09 Bloodlines
24:14 Husbandry
24:36 Chain Barding Armor
25:51 Forging
28:41 Gold Shaft Mining
29:02 Iron Casting
31:45 Imperial Age
31:49 Heavy Camel Rider
33:06 Plate Barding Armor
34:26 Blast Furnace
35:46 Imperial Camel Rider
36:46 Grand Trunk Road
37:10 Conscription
40:25 Heavy Plow
43:50 Light Cavalry
46:32 Chemistry
45:44 Masonry
45:40 Siege Engineers
45:31 Murder Holes
45:47 Fortified Wall
50:31 Elite Skirmisher
51:26 Fletching
51:37 Padded Archer Armor
53:14 Leather Archer Armor
61:29 Town Watch
64:21 Hussar
bthi68153
2:37 Loom
10:20 Feudal Age
16:39 Castle Age
14:51 Double-Bit Axe
15:09 Horse Collar
15:39 Gold Mining
20:25 Bow Saw
25:07 Crossbowman
27:48 Fletching
30:05 Wheelbarrow
30:34 Gold Shaft Mining
38:42 Imperial Age
37:10 Scale Mail Armor
37:54 Light Cavalry
39:03 Bodkin Arrow
40:14 Arbalester
41:45 Chain Mail Armor
41:36 Bracer
44:16 Heavy Plow
45:18 Two-Man Saw
43:42 Hussar
47:31 Thumb Ring
47:33 Scale Barding Armor
47:40 Forging
50:50 Elite Skirmisher
53:06 Chain Barding Armor
53:51 Iron Casting
55:50 Chain Mail Armor
62:00 Chemistry
63:03 Pikeman
tortodde
8:06 Loom
10:03 Feudal Age
11:03 Double-Bit Axe
11:00 Horse Collar
16:41 Castle Age
17:59 Bow Saw
17:51 Heavy Plow
20:41 Stone Mining
20:42 Gold Mining
28:57 Imperial Age
28:03 Scale Mail Armor
28:14 Forging
29:27 Squires
30:41 Wheelbarrow
29:52 Town Watch
31:11 Two-Man Saw
30:43 Crop Rotation
31:37 Chemistry
30:27 Arson
31:03 Chain Mail Armor
31:23 Iron Casting
31:16 Conscription
32:43 Plate Mail Armor
32:16 Town Patrol
35:05 Blast Furnace
35:34 Man-at-Arms
36:20 Long Swordsman
37:26 Two-Handed Swordsman
38:37 Champion
39:35 Murder Holes
40:05 Champion
44:15 Padded Archer Armor
44:06 Fletching
45:28 Ballistics
46:27 Leather Archer Armor
46:08 Bodkin Arrow
52:34 Elite Genoese Crossbowman
ShuShu
9:36 Feudal Age
14:02 Castle Age
12:15 Double-Bit Axe
13:56 Horse Collar
17:28 Man-at-Arms
19:11 Squires
19:14 Scale Mail Armor
19:03 Loom
19:43 Long Swordsman
21:43 Forging
23:44 Chain Mail Armor
27:24 Iron Casting
28:18 Wheelbarrow
28:43 Bow Saw
29:25 Gold Mining
33:15 Imperial Age
30:52 Heavy Plow
31:41 Hand Cart
34:46 Legionary
36:44 Gold Shaft Mining
35:56 Heavy Scorpion
38:21 Blast Furnace
39:42 Crop Rotation
OldWang
11:02 Feudal Age
12:12 Double-Bit Axe
14:43 Castle Age
12:48 Horse Collar
16:09 Bow Saw
16:20 Heavy Plow
16:39 Loom
22:02 Bloodlines
22:53 Scale Barding Armor
23:19 Husbandry
24:41 Chain Barding Armor
24:57 Wheelbarrow
26:33 Forging
27:43 Kshatriyas
29:22 Hand Cart
33:09 Imperial Age
30:26 Town Watch
31:33 Caravan
32:04 Coinage
32:12 Iron Casting
34:15 Frontier Guards
34:33 Plate Barding Armor
33:20 Heavy Camel Rider
33:21 Light Cavalry
37:45 Gold Mining
41:40 Hussar
46:36 Stone Mining
49:28 Crop Rotation
50:57 Caravan
54:10 Conscription
53:56 Scale Mail Armor
53:43 Arson
55:55 Chain Mail Armor
58:11 Elite Chakram Thrower
x316f72girp
12:14 Feudal Age
16:40 Castle Age
20:54 Imperial Age
22:39 Loom
29:28 Wheelbarrow
55:38 Horse Collar
58:56 Bloodlines
60:24 Husbandry
62:01 Forging
61:58 Scale Barding Armor
Connection lost

Rejoining the realm…

Still unreachable

The connection could not be restored.

Session expired

The server has moved on; the page needs a fresh start.